 Dungeon Crawl Stone Soup version 0.31-a0-198-g2ad674f65e (webtiles) character file.

Game seed: 4102290718809311127

415 qw the Skirmisher (level 6, -5/35 HPs)
             Began as a Deep Elf Hunter on June 25, 2023.
             Slain by a gnoll
             ... wielding a +0 halberd
              (6 damage)
             ... on level 4 of the Dungeon.
             The game lasted 00:01:27 (3111 turns).

qw the Skirmisher (Deep Elf Hunter)                 Turns: 3111, Time: 00:01:28

Health: -5/35      AC: 11    Str: 10    XL:     6   Next: 60%
Magic:  8/8        EV: 11    Int: 14    God:
Gold:   46         SH:  0    Dex: 18    Spells: 5/5 levels left

rFire   . . .        Y - +2 shortbow
rCold   . . .        (shield currently unavailable)
rNeg    . . .        k - +2 ring mail
rPois   .            l - +0 helmet
rElec   .            (no cloak)
rCorr   .            h - +2 pair of gloves {infuse}
SInv    .            (no boots)
Will    .....        (no amulet)
Stlth   +            (no ring)
HPRegen 0.25/turn    (no ring)
MPRegen 0.11/turn

%: infuse magic (1 MP)
@: no status effects
A: no striking features
a: no special abilities


You were on level 4 of the Dungeon.
You visited 1 branch of the dungeon, and saw 4 of its levels.

You collected 186 gold pieces.
You spent 140 gold pieces at shops.


   Skills:
 - Level 2.0 Fighting
 - Level 10.0 Ranged Weapons
 - Level 1.0 Armour
 + Level 2.6 Dodging
 - Level 1.2 Stealth


You had 5 spell levels left.
You didn't know any spells.
Your spell library was empty.

Inventory:

Hand Weapons
 Y - a +2 shortbow (weapon)
Armour
 b - a +0 cloak
 h - a +2 pair of gloves of infusion (worn)
 k - a +2 ring mail (worn)
 l - a +0 helmet (worn)
Jewellery
 n - a ring of protection from cold
Wands
 e - a wand of digging (4)
Potions
 a - a potion of invisibility {unknown}
 c - 2 potions of degeneration {unknown}
 d - 3 potions of might
 f - 2 potions of curing
 g - a potion of heal wounds {unknown}
 i - a potion of haste
 j - a potion of brilliance {unknown}
 m - a potion of berserk rage {unknown}

Dungeon Overview and Level Annotations

Branches:
Dungeon (4/15)
 Temple: D:4-7

Altars:
The Shining One

Shops:
D:3 !

Annotations:
D:3 1 runed translucent door, Crazy Yiuf


Message History

The gnoll hits you from afar with a +0 halberd.
You shoot an arrow. The arrow barely misses the kobold.
The arrow hits the kobold.
You kill the kobold!
The gnoll barely misses you. The gnoll closely misses you.
The kobold hits you but does no damage.
You shoot an arrow. The arrow hits the kobold.
You kill the kobold!
The gnoll misses you. The gnoll hits you but does no damage.
You shoot an arrow. The arrow barely misses the gnoll.
The arrow hits the kobold!
You kill the kobold!
The gnoll hits you but does no damage. The gnoll misses you.
The gnoll closely misses you.
You shoot an arrow. The arrow hits the gnoll.
The gnoll is moderately wounded.
The gnoll hits you from afar with a +0 spear.
The gnoll hits you from afar with a +0 halberd!
The gnoll barely misses you.
You shoot an arrow. The arrow hits the gnoll.
The gnoll is heavily wounded.
The gnoll hits you from afar with a +0 spear.
The gnoll barely misses you. The gnoll hits you but does no damage.
You shoot an arrow. The arrow hits the gnoll.
The gnoll is heavily wounded.
The gnoll hits you but does no damage. x2; The gnoll hits you with a +0 whip.
You shoot an arrow. The arrow closely misses the gnoll.
The arrow hits the hobgoblin.
The hobgoblin is severely wounded.
The gnoll barely misses you. x2; The gnoll hits you but does no damage.
You shoot an arrow. The arrow hits the gnoll.
The gnoll is severely wounded.
The gnoll hits you but does no damage.
The gnoll hits you from afar with a +0 halberd.
The gnoll hits you but does no damage.
You shoot an arrow. The arrow hits the gnoll!
You kill the gnoll!
The gnoll hits you but does no damage.
The gnoll hits you from afar with a +0 halberd.
You die...

#####
###############...#
.............)#...#
)......))..)..#...#
........)).)).##'##
...########.)....#
.?.# #......#
...########.....@#
.(............##)#
..............#ggg
..............#$)$#
###############$$$#
~~~~~~~~~~ #####
~~~~~~~~~~~
~~~~~~~~~~~
~..~.~.~..~


You could see 2 gnolls and a hobgoblin.

Vanquished Creatures
  A scorpion (D:4)
  2 iguanas (D:4)
  Terence (D:3)
  Robin (D:3)
  9 gnolls (D:4)
  7 adders
  A worm (D:2)
  An orc (D:4)
  7 endoplasms
  A giant cockroach (D:1)
  33 goblins
  27 hobgoblins
  11 kobolds
  2 quokkas (D:4)
  5 ball pythons
  4 bats
  4 rats
117 creatures vanquished.

Notes
Turn   | Place    | Note
-------+----------+-------------------------------------------
     0 | D:1      | qw the Deep Elf Hunter began the quest for the Orb.
     0 | D:1      | Reached XP level 1. HP: 12/12 MP: 3/3
     0 | D:1      | 0 ||| qw: Version: 0.3-a-22-g0ed2b0b
     0 | D:1      | 0 ||| qw: Game counter: 5222
     0 | D:1      | 0 ||| qw: Melee chars always use a shield: true
     0 | D:1      | 0 ||| qw: God list: Okawaru
     0 | D:1      | 0 ||| qw: Allow faded altars: false
     0 | D:1      | 0 ||| qw: Do Orc after clearing Dungeon:15 true
     0 | D:1      | 0 ||| qw: Do second Lair branch before Depths: true
     0 | D:1      | 0 ||| qw: Lair rune preference: random
     0 | D:1      | 0 ||| qw: Goals: Normal
     0 | D:1      | 0 ||| PLANNING D:1-11
   676 | D:1      | Reached skill level 6 in Ranged Weapons
   676 | D:1      | Reached XP level 2. HP: 16/16 MP: 4/4
   686 | D:1      | 686 ||| UPGRADING to +0 ring mail.
   696 | D:1      | 696 ||| DROPPING +0 leather armour.
   697 | D:1      | 697 ||| DROPPING +3 leather armour.
   698 | D:1      | 698 ||| READING scroll labelled DEPNAH ZACW.
   699 | D:1      | 699 ||| READING scroll labelled GOASTA IMNUIXT.
   700 | D:1      | 700 ||| READING 2 scrolls labelled LUONETEJOU.
   701 | D:1      | 701 ||| READING scroll of enchant armour.
   701 | D:1      | 701 ||| ENCHANTING +0 ring mail.
   702 | D:1      | 702 ||| READING scroll labelled GAASYAGGIW.
   703 | D:1      | 703 ||| READING scroll labelled ZIERRIUNELL.
   704 | D:1      | 704 ||| DRINKING 2 red potions.
   705 | D:1      | 705 ||| DRINKING 2 metallic emerald potions.
   744 | D:1      | 744 ||| DRINKING 2 lumpy clear potions.
   745 | D:1      | 745 ||| DROPPING scroll of butterflies.
   746 | D:1      | 746 ||| DROPPING potion of lignification.
   866 | D:2      | Reached XP level 3. HP: 17/20 MP: 5/5
  1082 | D:2      | Reached skill level 7 in Ranged Weapons
  1368 | D:2      | 1368 ||| UPGRADING to +2 pair of gloves of infusion.
  1373 | D:2      | 1373 ||| READING scroll labelled PIH ZICIUMEYDGH.
  1374 | D:2      | 1374 ||| READING scroll labelled YVOIGE CUEREON.
  1375 | D:2      | 1375 ||| READING scroll labelled SOACWUX MOLEBB.
  1539 | D:3      | Reached XP level 4. HP: 25/25 MP: 6/6
  1630 | D:3      | Found a runed translucent door.
  1631 | D:3      | Noticed Crazy Yiuf
  1756 | D:3      | Found Lariotum's Distillery.
  1760 | D:3      | 1760 ||| BUYING 2 potions of might (80 gold).
  1760 | D:3      | Bought 2 potions of might for 80 gold pieces
  1760 | D:3      | 1760 ||| SHOPLISTING 2 potions of mutation (160 gold, have
                  | 78).
  1760 | D:3      | 1760 ||| SHOPLISTING potion of cancellation (80 gold, have
                  | 78).
  1760 | D:3      | 1760 ||| BUYING potion of curing (30 gold).
  1760 | D:3      | Bought a potion of curing for 30 gold pieces
  1760 | D:3      | 1760 ||| BUYING potion of curing (30 gold).
  1760 | D:3      | Bought a potion of curing for 30 gold pieces
  1760 | D:3      | 1760 ||| SHOPLISTING potion of enlightenment (50 gold, have
                  | 18).
  1769 | D:3      | Noticed Robin
  1788 | D:3      | Killed Robin
  1834 | D:3      | Noticed Terence
  1845 | D:3      | Killed Terence
  1846 | D:3      | Reached skill level 8 in Ranged Weapons
  1859 | D:3      | 1859 ||| READING scroll of enchant armour.
  1859 | D:3      | 1859 ||| ENCHANTING +1 ring mail.
  2077 | D:3      | 2077 ||| UPGRADING to +0 helmet.
  2082 | D:3      | 2082 ||| READING 2 scrolls labelled AMUUSE QYGHE.
  2083 | D:3      | 2083 ||| READING scroll of enchant weapon.
  2083 | D:3      | 2083 ||| ENCHANTING +1 shortbow.
  2109 | D:4      | Found a glowing golden altar of the Shining One.
  2114 | D:4      | 2114 ||| STAIRDANCE
  2193 | D:4      | 2193 ||| STAIRDANCE
  2277 | D:4      | Reached XP level 5. HP: 29/29 MP: 7/7
  2441 | D:4      | Reached skill level 9 in Ranged Weapons
  2652 | D:4      | Reached XP level 6. HP: 35/35 MP: 8/8
  2708 | D:4      | Reached skill level 1 in Armour
  3057 | D:4      | Reached skill level 10 in Ranged Weapons
  3106 | D:4      | HP: 7/35 [gnoll/+0 halberd (11)]
  3108 | D:4      | HP: 2/35 [gnoll/+0 whip (2)]
  3111 | D:4      | Slain by a gnoll

Levels and vault maps discovered:
D:1:      eino_arrival_tree_alley, layout_basic
D:2:      layout_loops_ring
D:3:      layout_rooms, serial_shops, shop, bh_walls_and_bars, uniq_terence,
          uniq_robin, uniq_crazy_yiuf_cottage
D:4:      minmay_goblin_kobold_castle, layout_cave_pools,
          mainiacjoe_overflow_catwalk

Skill      XL: |  1  2  3  4  5  6 |
---------------+-------------------+-----
Ranged Weapons | 6 7 8 9 10 | 10.0
Fighting       | 2 |  2.0
Armour         | 1 |  1.0
Dodging        | |  2.6
Stealth        | |  1.2

Action                     |  1- 3 |  4- 6 || total
---------------------------+-------+-------++-------
   Fire: Shortbow          |    84 |   236 ||   320
    Use: Scroll            |     9 |     3 ||    12
         Potion            |     3 |       ||     3
 Armour: Leather armour    |     1 |       ||     1
         Ring mail         |    22 |    76 ||    98
  Dodge: Dodged            |    23 |    87 ||   110

Table legend:
 A = Non-vault XP
 B = Vault XP
 C = Vault XP percentage of total XP
 D = Non-vault monster count
 E = Vault monster count
 F = Vault count percentage of total count
                 A         B        C        D         E       F
            +---------+---------+-------+---------+---------+-------
      Total |     322 |     285 |  47.0 |      50 |      67 |  57.3
            +---------+---------+-------+---------+---------+-------
        D:1 |      13 |       0 |   0.0 |       8 |       0 |   0.0
        D:2 |      78 |       0 |   0.0 |      16 |       0 |   0.0
        D:3 |      34 |      66 |  66.0 |      14 |      11 |  44.0
        D:4 |     197 |     219 |  52.6 |      12 |      56 |  82.4
            +---------+---------+-------+---------+---------+-------
